Map: Catalyst LE

Players

ZESTisBEST - Winner!

  • Race: Protoss Protoss
  • League: Master
  • Spawn Location: 5:00

Infamous

  • Race: Protoss Protoss
  • League: Silver
  • Spawn Location: 11:00

VOD

Have the link to the VOD?

Description

Time

  • Played on: March 12, 2018, 3:45 p.m.
  • Length: 9:39
Show
View Real Time Build Order
Export as new Build Order

ZESTisBEST Protoss - Winner!

Build Orders:  

Get SALT Encoding   

  12  0:01  Probe  
  13  0:13  Probe  
  14  0:17  Pylon  
  14  0:25  Probe (Chrono Boost)  
  15  0:37  Probe (Chrono Boost)  
  15  0:40  Gateway  
  16  0:45  Probe (Chrono Boost)  
  16  0:47  Assimilator  
  17  0:51  Probe  
  18  1:02  Assimilator  
  18  1:03  Probe  
  19  1:15  Probe  
  20  1:22  Gateway  
  20  1:28  Probe  
  20  1:29  Cybernetics Core  
  21  1:38  Pylon  
  21  1:43  Probe  
  22  1:55  Probe  
  23  2:07  Probe  
  23  2:08  Adept x2 (Chrono Boost)  
  24  2:12  Warp Gate  
  28  2:20  Probe  
  29  2:26  Pylon  
  30  2:44  Stalker x2  
  33  2:55  Robotics Facility  
  33  3:16  Nexus  
  31  3:24  Adept (Chrono Boost)  
  33  3:31  Probe  
  33  3:32  Adept (Chrono Boost)  
  34  3:43  Probe  
  34  3:44  Observer  
  36  3:56  Probe  
  37  4:20  Pylon  
  37  4:24  Adept  
  39  4:27  Probe  
  39  4:28  Immortal  
  39  4:29  Adept  
  46  4:32  Probe  
  46  4:36  Shield Battery  
  46  4:37  Shield Battery  
  47  4:39  Probe  
  48  4:47  Probe  
  48  4:48  Stalker  
  48  4:52  Probe, Stalker  
  53  5:03  Probe  
  54  5:08  Gateway  
  50  5:30  Probe  
  50  5:32  Immortal  
  51  5:39  Gateway  
  51  5:41  Gateway  
  51  5:43  Probe x2  
  51  5:46  Assimilator  
  51  5:48  Assimilator  
  51  5:49  Gateway  
  53  5:53  Gateway  
  53  6:02  Twilight Council  
  53  6:03  Probe x2  
  55  6:11  Immortal  
  59  6:18  Probe x2  
  61  6:27  Gateway  
  61  6:30  Probe  
  61  6:32  Forge  
  62  6:34  Blink (Chrono Boost)  
  62  6:45  Pylon  
  62  6:49  Pylon  
  62  6:50  Pylon  
  62  6:53  Pylon, Protoss Ground Weapons Level 1 (Chrono Boost)  
  62  7:03  Probe x2  
  62  7:05  Templar Archives  
  64  7:15  Probe, Stalker  
  66  7:16  Stalker x2  
  66  7:18  Probe  
  72  7:29  Stalker  
  74  7:30  Stalker x2  
  74  7:35  Pylon  
  78  7:40  Warp Prism  
  80  7:47  Probe x2  
  82  7:58  High Templar x2  
  82  7:59  Probe x2, High Templar x2  
  82  8:01  Stalker  
  82  8:03  Archon x2  
  94  8:06  Stalker  
  94  8:08  Stalker  
  94  8:11  Probe  
  99  8:24  Nexus  
  99  8:28  Pylon  
  99  8:45  Pylon  
  99  8:47  Pylon x2  
  99  9:00  High Templar x2  
  99  9:01  Stalker x3  
  107  9:04  Archon  
  107  9:12  Stalker x2  
  101  9:30  Stalker  
  101  9:31  Stalker x3  
Show
View Real Time Build Order
Export as new Build Order

Infamous Protoss 

Build Orders:  

Get SALT Encoding   

  12  0:02  Probe  
  13  0:15  Probe  
  13  0:19  Pylon  
  14  0:28  Probe  
  15  0:37  Gateway  
  15  0:40  Probe (Chrono Boost)  
  16  0:52  Probe (Chrono Boost)  
  16  0:54  Assimilator  
  17  0:59  Probe (Chrono Boost)  
  18  1:09  Probe  
  19  1:27  Cybernetics Core  
  19  1:36  Probe (Chrono Boost)  
  21  1:47  Probe (Chrono Boost)  
  21  1:53  Zealot  
  23  1:55  Pylon  
  23  2:00  Warp Gate (Chrono Boost)  
  23  2:09  Pylon  
  23  2:13  Probe  
  24  2:19  Assimilator  
  24  2:25  Probe  
  25  2:45  Probe  
  25  2:47  Sentry  
  28  3:08  Probe  
  23  3:21  Probe  
  23  3:30  Stalker  
  23  3:33  Probe  
  26  3:37  Gateway  
  26  3:39  Gateway  
  26  3:47  Probe  
  27  3:50  Twilight Council  
  24  4:15  Stalker  
  26  4:22  Forge  
  26  4:27  Charge  
  26  4:43  Zealot x2  
  26  4:44  Zealot  
  32  4:51  Protoss Ground Weapons Level 1 (Chrono Boost)  
  32  4:56  Probe  
  32  5:28  Stalker x3  
  32  5:37  Photon Cannon  
  32  5:41  Probe  
  33  5:48  Shield Battery  
  33  5:53  Probe  
  33  5:56  Stalker  
  36  6:28  Probe  
  36  6:30  Nexus  
  37  6:33  Pylon x2  
  37  6:41  Probe (Chrono Boost)  
  38  6:53  Probe (Chrono Boost)  
  39  6:54  Protoss Ground Armor Level 1 (Chrono Boost)  
  39  7:08  Sentry  
  41  7:09  Zealot  
  41  7:10  Zealot  
  45  7:27  Robotics Facility  
  45  7:35  Probe  
  46  7:43  Pylon  
  46  7:59  Probe x2  
  48  8:12  Stalker x2  
  50  8:13  Sentry  
  50  8:17  Probe x2  
  56  8:31  Immortal (Chrono Boost)  
  60  8:42  Probe x2  
  60  8:47  Zealot  
  64  9:03  Zealot x2  
Tags
 
Matchup
PvP
Replay Pack
Last Remnant (2)
Spawn Locations
Cross Positions
Add a new tag
Caveats
  • Supply blocks, unpowered buildings, or Contaminate may cause inaccurate times.
  • Supply counts are checked every 10 seconds.